 Dungeon Crawl Stone Soup version 0.27-a0-1595-g0b823d0a13 (webtiles) character file.

Game seed: 3554399398652398887

165 gruber the Insei (level 5, 39/41 HPs)
             Began as a Gnoll Transmuter on July 20, 2021.
             Was a Believer of Elyvilon.
             Quit the game on level 3 of the Dungeon.
             The game lasted 00:05:30 (3512 turns).

gruber the Insei (Gnoll Transmuter)                 Turns: 3512, Time: 00:05:30

Health: 39/41      AC:  3    Str:  9    XL:     5   Next: 46%
Magic:  12/12      EV: 13    Int: 13    God:    Elyvilon [**....]
Gold:   190        SH:  0    Dex: 13    Spells: 13/14 levels left

rFire    . . .     SeeInvis .     - Unarmed
rCold    . . .     Faith    .   (no shield)
rNeg     . . .     Spirit   .   a - +0 robe
rPois    .         Reflect  .   b - +0 helmet
rElec    .         Harm     .   k - scarf {shadows}
rCorr    .         Rampage  .   (no gloves)
Will     .....                  (no boots)
Stlth    ++........             (no amulet)
HPRegen  0.13/turn              (no ring)
MPRegen  0.13/turn              (no ring)

@: no status effects
A: fangs 1, strong nose, distributed training
a: Renounce Religion, Lesser Healing, Heal Other, Divine Protection


You were on level 3 of the Dungeon.
You worshipped Elyvilon.
Elyvilon was pleased with you.
You visited 1 branch of the dungeon, and saw 3 of its levels.

You collected 190 gold pieces.

Inventory:

Armour
 a - a +0 robe (worn)
 b - a +0 helmet (worn)
 k - a scarf of shadows (worn)
Jewellery
 l - a ring of see invisible
Scrolls
 d - 2 scrolls of magic mapping {unknown}
 e - a scroll of blinking {unknown}
 f - a scroll of amnesia {unknown}
 j - a scroll of identify {unknown}
 m - a scroll of acquirement {unknown}
Potions
 c - 2 potions of cancellation {unknown}
 g - a potion of degeneration {unknown}
 h - a potion of attraction {unknown}
 i - a potion of flight {unknown}


   Skills:
 + Level 3.0 Fighting
 + Level 1.5 Short Blades
 + Level 1.5 Long Blades
 + Level 1.5 Axes
 + Level 1.5 Maces & Flails
 + Level 1.5 Polearms
 + Level 1.5 Staves
 + Level 1.5 Slings
 + Level 1.5 Bows
 + Level 1.5 Crossbows
 + Level 1.5 Throwing
 + Level 1.5 Armour
 + Level 4.8 Dodging
 + Level 1.5 Stealth
 + Level 1.5 Shields
 + Level 6.7 Unarmed Combat
 + Level 5.2 Spellcasting
 + Level 1.2 Conjurations
 + Level 1.2 Hexes
 + Level 1.2 Summonings
 + Level 1.2 Necromancy
 + Level 1.2 Translocations
 + Level 4.0 Transmutations
 + Level 1.2 Fire Magic
 + Level 1.2 Ice Magic
 + Level 1.2 Air Magic
 + Level 1.2 Earth Magic
 + Level 1.2 Poison Magic
 + Level 1.7 Invocations
 + Level 1.5 Evocations


You had 13 spell levels left.
You knew the following spells:

 Your Spells              Type           Power      Damage    Failure   Level
a - Beastly Appendage     Tmut           26%        N/A       3%          1

Your spell library contained the following spells:

 Spells                   Type           Power      Damage    Failure   Level
 Wereblood                Tmut           13%        N/A       5%          2
 Slow                     Hex            6%         N/A       17%         2
 Spider Form              Tmut/Pois      5%         N/A       19%         3
 Confusing Touch          Hex            6%         N/A       32%         3
 Vampiric Draining        Necr           3%         2d6       32%         3
 Ice Form                 Ice/Tmut       10%        N/A       54%         4


Dungeon Overview and Level Annotations

Branches:
Dungeon (3/15)

Altars:
Ashenzari
Elyvilon

Shops:
D:3 ?


Innate Abilities, Weirdness & Mutations

You have very sharp teeth.
Your uncanny sense of smell can sniff out nearby items.
Your experience applies equally to all skills.


Message History

Your horns disappear.
Your talons disappear.
Your +0 helmet unmelds from your body.
There is a stone staircase leading up here.
Found 14 gold pieces.
You now have 190 gold pieces (gained 14).
You see here 12 stones.
Key pressed, stopping explore.
You see here 12 stones.
You see here a +0 ring mail.
A frilled lizard comes into view.
The frilled lizard hisses angrily.
The frilled lizard closely misses you.
A frilled lizard is nearby!
You hit the frilled lizard.
You kill the frilled lizard!
No target in view!
No target in view!
An orc comes into view. It is wielding a +0 club.
The orc shouts!
An orc is nearby!
An orc is nearby!
An orc is nearby!
The orc hits you with a +0 club.
You hit the orc.
The orc is almost dead.
A quokka comes into view.
The orc closely misses you.
There are monsters nearby!
You hit the orc but do no damage.
The orc is almost dead.
There are monsters nearby!
You hit the orc but do no damage.
The orc is almost dead.
The quokka closely misses you. The orc hits you with a +0 club.
You closely miss the orc.
The orc is almost dead.
The quokka closely misses you. The orc hits you but does no damage.
There are monsters nearby!
There are monsters nearby!
Are you sure you want to abandon this character and quit the game? (Confirm with "yes".)

## #### #.#
#...#.
##o#.....#∆
## #.#@r#
#. ##..##
####. #..##
.# #....
#.## ∆∆ #.#
#.### #..##
#..# ##.###
##..## #..#
#.....
#.#..###..#
###...##
##.#..#..#
#.......
#.#.#...#
#.#...##


You could see an orc and a quokka.

Vanquished Creatures
  3 gnolls
  5 adders
  An ufetubus (D:3)
  2 worms
  2 dart slugs (D:1)
  8 endoplasms
  5 giant cockroaches
  7 goblins
  12 hobgoblins
  3 quokkas
  A ball python (D:2)
  7 bats
  6 frilled lizards
  6 kobolds
  5 rats
73 creatures vanquished.

Notes
Turn   | Place    | Note
-------+----------+-------------------------------------------
     0 | D:1      | gruber the Gnoll Transmuter began the quest for the Orb.
     0 | D:1      | Reached XP level 1. HP: 17/17 MP: 6/6
   245 | D:1      | Reached XP level 2. HP: 23/23 MP: 5/7
   549 | D:1      | Reached XP level 3. HP: 18/28 MP: 9/9
   713 | D:1      | Reached skill level 5 in Spellcasting
  1109 | D:1      | Reached skill level 1 in Invocations
  1168 | D:2      | Found a faded altar of an unknown god.
  1225 | D:2      | Became a worshipper of Elyvilon the Healer
  1225 | D:2      | Reached * piety under Elyvilon
  1241 | D:2      | Reached skill level 1 in Short Blades
  1241 | D:2      | Reached skill level 1 in Long Blades
  1241 | D:2      | Reached skill level 1 in Axes
  1241 | D:2      | Reached skill level 1 in Maces & Flails
  1241 | D:2      | Reached skill level 1 in Polearms
  1241 | D:2      | Reached skill level 1 in Staves
  1241 | D:2      | Reached skill level 1 in Slings
  1241 | D:2      | Reached skill level 1 in Bows
  1241 | D:2      | Reached skill level 1 in Crossbows
  1241 | D:2      | Reached skill level 1 in Throwing
  1241 | D:2      | Reached skill level 1 in Armour
  1241 | D:2      | Reached skill level 1 in Stealth
  1241 | D:2      | Reached skill level 1 in Shields
  1241 | D:2      | Reached skill level 1 in Evocations
  1367 | D:2      | Reached XP level 4. HP: 22/34 MP: 9/11
  2103 | D:2      | Reached skill level 1 in Conjurations
  2103 | D:2      | Reached skill level 1 in Hexes
  2103 | D:2      | Reached skill level 1 in Summonings
  2103 | D:2      | Reached skill level 1 in Necromancy
  2103 | D:2      | Reached skill level 1 in Translocations
  2103 | D:2      | Reached skill level 1 in Fire Magic
  2103 | D:2      | Reached skill level 1 in Ice Magic
  2103 | D:2      | Reached skill level 1 in Air Magic
  2103 | D:2      | Reached skill level 1 in Earth Magic
  2103 | D:2      | Reached skill level 1 in Poison Magic
  2648 | D:2      | Reached XP level 5. HP: 18/40 MP: 12/12
  2683 | D:3      | Reached ** piety under Elyvilon
  3048 | D:3      | Found Muiwn's Magic Scroll Shop.
  3182 | D:3      | Found a broken altar of Ashenzari.
  3512 | D:3      | Quit the game

Illustrated notes

Levels and vault maps discovered:
D:1:      wander_arrival_peaceful_grave, layout_loops_cross, st_stairs_4
D:2:      minmay_door_path, layout_basic,
          hellmonk_ecumenical_altar_pennies_from_heaven, st_stairs_5
D:3:      minmay_diamond_boxcup, layout_basic, old_standard_altar, serial_shops,
          nicolae_shop_temple_entry_statues_fountains,
          hangedman_decor_peaks_small

Skill      XL: |  1  2  3  4  5 |
---------------+----------------+-----
Spellcasting   | 5 |  5.2
Invocations    | 1 |  1.7
Short Blades   | 1 |  1.5
Long Blades    | 1 |  1.5
Axes           | 1 |  1.5
Maces & Flails | 1 |  1.5
Polearms       | 1 |  1.5
Staves         | 1 |  1.5
Slings         | 1 |  1.5
Bows           | 1 |  1.5
Crossbows      | 1 |  1.5
Throwing       | 1 |  1.5
Armour         | 1 |  1.5
Stealth        | 1 |  1.5
Shields        | 1 |  1.5
Evocations     | 1 |  1.5
Conjurations   | 1 |  1.2
Hexes          | 1 |  1.2
Summonings     | 1 |  1.2
Necromancy     | 1 |  1.2
Translocations | 1 |  1.2
Fire Magic     | 1 |  1.2
Ice Magic      | 1 |  1.2
Air Magic      | 1 |  1.2
Earth Magic    | 1 |  1.2
Poison Magic   | 1 |  1.2
Fighting       | 3 |  3.0
Transmutations | 4 |  4.0
Dodging        | |  4.8
Unarmed Combat | |  6.7

Action                   |  1- 3 |  4- 6 || total
-------------------------+-------+-------++-------
Melee: Unarmed           |   124 |    87 ||   211
       Bite              |     8 |     4 ||    12
       Punch             |     3 |     2 ||     5
       Kick              |     6 |     5 ||    11
       Headbutt          |     5 |     4 ||     9
Throw: Dart              |    15 |    30 ||    45
 Cast: Beastly Appendage |     7 |    10 ||    17
Invok: Heal Other        |       |     1 ||     1
 Stab: Sleeping          |     1 |     1 ||     2
Armor: Robe              |    28 |    13 ||    41
Dodge: Dodged            |    81 |    48 ||   129

Table legend: (Time is in decaauts)
 A = Elapsed time spent in this place.
 B = Non-inter-level travel time spent in this place.
 C = Inter-level travel time spent in this place.
 D = Time resting spent in this place.
 E = Time spent auto-exploring this place.
 F = Levels seen in this place.
 G = Mean time per level.
                   A        B        C        D        E       F      G
               +--------+--------+--------+--------+--------+-----+--------+
         Total |   3485 |   3419 |     66 |     91 |   2781 |   3 | 1161.7 |
       Dungeon |   3485 |   3419 |     66 |     91 |   2781 |   3 | 1161.7 |
               +--------+--------+--------+--------+--------+-----+--------+

Top non-repeatable levels by time:
     D:1: 1400 daAuts
     D:2: 1262 daAuts
     D:3: 822 daAuts
